 Dungeon Crawl Stone Soup version 0.28.0-43-g3370ac3207 (webtiles) character file.

Game seed: 1674722350192948101

221 theElss the Skirmisher (level 5, 0/33 HPs)
             Began as a Gargoyle Berserker on Mar 2, 2022.
             Was a Believer of Trog.
             Slain by Edmund
             ... wielding a +6 flail of holy wrath
              (6 damage)
             ... on level 3 of the Dungeon.
             The game lasted 00:05:45 (2987 turns).

theElss the Skirmisher (Gargoyle Berserker)         Turns: 2987, Time: 00:05:45

Health: 0/33       AC:  8    Str: 21    XL:     5   Next: 98%
Magic:  5/5        EV: 16    Int:  7    God:    Trog [**....]
Gold:   147        SH:  4    Dex: 14    Spells: 4/4 levels left

rFire   . . .      SeeInvis .   a - +0 mace
rCold   . . .      Faith    .   d - +0 buckler
rNeg    + . .      Spirit   .   g - +0 leather armour
rPois   ∞          Reflect  .   (no helmet)
rElec   +          Harm     .   (no cloak)
rCorr   .          Rampage  .   k - +0 pair of gloves {Dex+3}
Will    .....                   (no boots)
Stlth   +.........              (no amulet)
HPRegen 0.11/turn               i - +4 ring of evasion
MPRegen 0.09/turn               (no ring)

@: on berserk cooldown, hasted and slowed
A: sickness immunity, AC +4, negative energy resistance 1, electricity
resistance, torment resistance 1, petrification resistance
a: Renounce Religion, Berserk, Trog's Hand


You were on level 3 of the Dungeon.
You worshipped Trog.
Trog was pleased with you.
You visited 1 branch of the dungeon, and saw 4 of its levels.

You collected 147 gold pieces.

Inventory:

Hand Weapons
 a - a +0 mace (weapon)
Armour
 d - a +0 buckler (worn)
 g - a +0 leather armour (worn)
 k - a +0 pair of gloves of dexterity (worn)
Jewellery
 i - a +4 ring of evasion (left hand)
Scrolls
 c - a scroll of identify
 e - a scroll of enchant weapon {unknown}
 f - 2 scrolls of teleportation
 j - a scroll of blinking {unknown}
 l - a scroll of magic mapping {unknown}
 m - 2 scrolls of noise {unknown}
 n - 2 scrolls of vulnerability {unknown}
 o - a scroll of brand weapon {unknown}
Potions
 b - a potion of ambrosia {unknown}
 h - a potion of cancellation {unknown}
 p - a potion of magic


   Skills:
 + Level 4.3 Fighting
 + Level 3.9 Maces & Flails
 + Level 3.6 Armour
 + Level 2.6 Dodging
 + Level 2.1 Shields


You had 4 spell levels left.
You didn't know any spells.
Your spell library was empty.

Dungeon Overview and Level Annotations

Branches:
Dungeon (4/15)
 Temple: D:4-7

Altars:
Elyvilon
Sif Muna
Trog
Uskayaw

Annotations:
D:3 Edmund, Ijyb
D:4 Dowan, Duvessa


Innate Abilities, Weirdness & Mutations

You are immune to sickness and miasma.
Your stone body is resilient. (AC +4)
You are immune to poison.
You resist negative energy. (rN+)
You are resistant to electric shocks. (rElec)
You are resistant to unholy torment.
You are immune to petrification.


Message History

Unknown command.
You feel a strong urge to attack something.
Edmund closely misses you.
You climb upwards.
There is a stone staircase leading down here.
You hit Edmund but do no damage. The ufetubus barely misses you.
The ufetubus hits you but does no damage.
Ijyb hits you but does no damage.
Edmund hits you with a +6 flail of holy wrath.
You block the ufetubus's attack. The ufetubus closely misses you.
You hit Edmund.
Edmund is lightly wounded.
Ijyb zaps a wand.
You resist with some effort. The ufetubus closely misses you. x2
Edmund hits you with a +6 flail of holy wrath.
* * * LOW HITPOINT WARNING * * *
You sock Edmund!
Edmund is moderately wounded.
You are no longer berserk.
You are exhausted.
You feel yourself slow down. The ufetubus barely misses you.
The ufetubus hits you but does no damage.
Ijyb closely misses you.
It was a potion of magic.
Magic courses through your body. You block the ufetubus's attack.
The ufetubus hits you but does no damage.
Edmund completely misses you. The ufetubus closely misses you.
The ufetubus completely misses you. You block Ijyb's attack.
Edmund hits you with a +6 flail of holy wrath.
* * * LOW HITPOINT WARNING * * *
It was a potion of haste.
You feel yourself speed up. The ufetubus misses you.
The ufetubus barely misses you. Ijyb completely misses you.
The ufetubus misses you. The ufetubus barely misses you.
Edmund hits you but does no damage. Ijyb hits you but does no damage.
You block the ufetubus's attack. The ufetubus misses you.
Unknown command.
As you read the scroll labelled FUDISI GA QAUT, it crumbles to dust.
It is a scroll of identify.
f - 2 scrolls of teleportation Edmund hits you with a +6 flail of holy wrath.
You die...

#..####''####.#######
#....8#..#8.........#
#....'....'....####.#
#....8####8...#####.#
#.............##.....
#.####......#.##.#...
#.# #.#.........#...
#.####.##.#.#........
#..@@g....#.######.#.
#.##5#.####.# #.##
#.#..#.####.# #.##
#.#.##......######..>
#.#.##.###.........##
#.........≈.≈≈.###.##
###.###.≈#≈##....#.#.
#.# ##.#8.#≈..≈#.#.
##.# #.#≈≈####...#.


You could see Edmund, Ijyb and an ufetubus.

Vanquished Creatures
  A bullfrog (D:3)
  An iguana (D:2)
  5 adders
  3 dart slugs
  5 orcs (D:3)
  A ball python (D:3)
  7 endoplasms
  4 giant cockroaches (D:1)
  6 goblins
  4 hobgoblins
  5 jackals (D:3)
  7 kobolds
  3 quokkas (D:1)
  7 bats
  4 frilled lizards
  5 rats
  A spectral hobgoblin (D:3)
69 creatures vanquished.

Notes
Turn   | Place    | Note
-------+----------+-------------------------------------------
     0 | D:1      | theElss the Gargoyle Berserker began the quest for the Orb.
     0 | D:1      | Reached XP level 1. HP: 14/14 MP: 1/1
   187 | D:1      | Reached XP level 2. HP: 17/19 MP: 2/2
   722 | D:1      | Reached XP level 3. HP: 18/23 MP: 3/3
  1518 | D:2      | Reached XP level 4. HP: 24/29 MP: 4/4
  1578 | D:2      | Reached skill level 1 in Shields
  2004 | D:3      | Reached skill level 4 in Fighting
  2144 | D:3      | Noticed a bullfrog
  2154 | D:3      | Killed a bullfrog
  2155 | D:3      | Reached XP level 5. HP: 33/33 MP: 5/5
  2339 | D:3      | Found a large runed translucent door.
  2430 | D:3      | Reached ** piety under Trog
  2525 | D:3      | Found a hide-covered altar of Uskayaw.
  2545 | D:3      | Found a bloodstained altar of Trog.
  2767 | D:3      | Found a faded altar of an unknown god.
  2817 | D:3      | Found a large runed translucent door.
  2939 | D:3      | Found a white marble altar of Elyvilon.
  2944 | D:3      | Found a shimmering blue altar of Sif Muna.
  2971 | D:4      | Noticed Ijyb
  2971 | D:4      | Noticed Edmund
  2974 | D:4      | Paralysed by Ijyb for 6 turns
  2974 | D:4      | Noticed Duvessa
  2978 | D:4      | Noticed Dowan
  2987 | D:3      | Slain by Edmund

Illustrated notes

Levels and vault maps discovered:
D:1:      wander_arrival_peaceful_grave, layout_loops_ring
D:2:      layout_rooms
D:3:      layout_loops_cross, nicolae_uskayaw_murder_on_the_dancefloor,
          mainiacjoe_overflow_six_doors_small, jmf_multi_god_temple2,
          dreamdust_ecumenical_altar_drowned_temple, nicolae_elevator_lobby_plus
D:4:      layout_cave_pools, evilmike_ruin_ashenzari,
          minmay_temple_entry_statues_pillars, uniq_ijyb, uniq_duvessa,
          uniq_edmund

Skill      XL: |  1  2  3  4  5 |
---------------+----------------+-----
Dodging        | 2 |  2.6
Shields        | 1 2 |  2.1
Armour         | 3 |  3.6
Fighting       | 4 |  4.3
Maces & Flails | |  3.9

Action                   |  1- 3 |  4- 6 || total
-------------------------+-------+-------++-------
Melee: Mace              |   128 |   123 ||   251
Invok: Berserk           |     3 |     3 ||     6
  Use: Potion            |       |     2 ||     2
       Scroll            |       |     1 ||     1
Armor: Animal skin       |    33 |       ||    33
       Leather armour    |    15 |    44 ||    59
Dodge: Dodged            |    86 |    98 ||   184
Block: Buckler           |    11 |    31 ||    42
